 Dungeon Crawl Stone Soup version 0.27.0-1-g7a089689b8 (webtiles) character file.

Game seed: 11427169734181764866

100 pkoi the Chopper (level 4, 0/37 HPs)
             Began as a Minotaur Gladiator on Aug 4, 2021.
             Was an Initiate of Gozag.
             Engulfed by a cloud of flame (27 damage)
             ... on level 3 of the Dungeon.
             The game lasted 00:02:11 (2098 turns).

pkoi the Chopper (Minotaur Gladiator)               Turns: 2098, Time: 00:02:12

Health: 0/37       AC:  9    Str: 20    XL:     4   Next: 47%
Magic:  3/3        EV:  8    Int:  5    God:    Gozag
Gold:   221        SH:  0    Dex: 11    Spells: 3/3 levels left

rFire    . . .     SeeInvis .   a - +1 war axe
rCold    + . .     Faith    .   (no shield)
rNeg     . . .     Spirit   .   j - +0 chain mail
rPois    +         Reflect  .   c - +1 hat
rElec    .         Harm     .   (no cloak)
rCorr    .         Rampage  .   (no gloves)
Will     .....                  (no boots)
Stlth    ..........             (no amulet)
HPRegen  0.12/turn              f - ring of poison resistance
MPRegen  0.08/turn              i - ring of protection from cold

@: gold aura
A: horns 2, retaliatory headbutt
a: Renounce Religion, Potion Petition, Call Merchant, Bribe Branch


You were on level 3 of the Dungeon.
You worshipped Gozag.
Gozag was aware of your devotion.
You visited 1 branch of the dungeon, and saw 3 of its levels.

You collected 221 gold pieces.

Inventory:

Hand Weapons
 a - a +1 war axe (weapon)
Missiles
 d - 3 throwing nets (quivered)
Armour
 c - a +1 hat (worn)
 j - a +0 chain mail (worn)
Jewellery
 f - a ring of poison resistance (left hand)
 i - a ring of protection from cold (right hand)
Potions
 k - a potion of heal wounds {unknown}
 l - a potion of curing {unknown}
 m - a potion of flight {unknown}


   Skills:
 - Level 2.4 Fighting
 + Level 6.4 Axes
 - Level 2.0 Throwing
 - Level 3.2 Dodging


You had 3 spell levels left.
You didn't know any spells.
Your spell library contained the following spells:

 Spells                   Type           Power      Damage    Failure   Level
 Pain                     Necr           0%         1d4       100%        1
 Summon Small Mammal      Summ           0%         N/A       100%        1
 Call Canine Familiar     Summ           0%         N/A       100%        3
 Summon Guardian Golem    Hex/Summ       0%         N/A       100%        3
 Agony                    Necr           0%         N/A       100%        5
 Excruciating Wounds      Necr           0%         N/A       100%        5


Dungeon Overview and Level Annotations

Branches:
Dungeon (3/15)

Altars:
Gozag


Innate Abilities, Weirdness & Mutations

You have a pair of horns on your head.
You reflexively headbutt those who attack you in melee.


Message History

There is a stone staircase leading down here.
You see here a +0 chain mail.
j - a +0 chain mail You start removing your armour.
You continue taking off your +0 leather armour. x4
You finish taking off your +0 leather armour.
You start putting on your armour.
You continue putting on your +0 chain mail. x5
You finish putting on your +0 chain mail.
Drop what? 13/52 slots (_ for help) (? for menu, Esc to quit)
You drop a +0 leather armour.
f - a ring of poison resistance (left hand)
i - a ring of protection from cold (right hand) Done exploring.
Done exploring.
Done exploring.
Done exploring.
(D) Dungeon
Where to? (Enter - D:2 @ (x,y), ? - help)
There is a stone staircase leading down here.
You climb downwards.
A frilled lizard comes into view.
Found a scroll labelled HOAGES RAEXUPP.
There is a stone staircase leading up here.
Blink to where?
Press: ? - help, Dir - move target
As you read the scroll labelled HOAGES RAEXUPP, it crumbles to dust.
It was a scroll of blinking.
As you read the scroll labelled ICOEDAU BIFOPI, it crumbles to dust.
It is a scroll of enchant weapon.
Your +0 war axe glows red for a moment.
As you read the scroll labelled MOULEEZX EJAET, it crumbles to dust.
The creatures around you are filled with an inner flame!
It was a scroll of immolation.
You slash the frilled lizard!
The frilled lizard explodes!
The fiery explosion engulfs you!
You are engulfed in blazing flames.
Ouch! That really hurt!
You die...
Your body crumbles into a pile of gold.

# ## #. .# #.#
.## #
#.§##..#.##.
#§§§.......
##§@.......
............?..
#.####.........
#.........
##......$. $
#........
#####.... ###.


There were no monsters in sight!

Vanquished Creatures
  5 adders (D:2)
  A dart slug (D:2)
  5 ball pythons
  7 bats
  5 endoplasms
  A giant cockroach (D:1)
  7 goblins
  4 hobgoblins
  2 jackals (D:1)
  4 kobolds
  3 quokkas
  3 frilled lizards
  5 rats
52 creatures vanquished.

Notes
Turn   | Place    | Note
-------+----------+-------------------------------------------
     0 | D:1      | pkoi the Minotaur Gladiator began the quest for the Orb.
     0 | D:1      | Reached XP level 1. HP: 18/18 MP: 0/0
   123 | D:1      | Reached skill level 4 in Axes
   282 | D:1      | Reached XP level 2. HP: 22/25 MP: 1/1
   889 | D:2      | Found a faded altar of an unknown god.
   930 | D:2      | Reached skill level 5 in Axes
   938 | D:2      | Became a worshipper of Gozag Ym Sagoz the Greedy
  1128 | D:2      | Reached XP level 3. HP: 30/30 MP: 2/2
  1320 | D:2      | Reached skill level 6 in Axes
  1320 | D:2      | Reached XP level 4. HP: 31/37 MP: 3/3
  2098 | D:3      | Engulfed by a cloud of flame

Illustrated notes

Levels and vault maps discovered:
D:1:      enne_arrival_octagon_isle, layout_basic
D:2:      wad_river_or_something, layout_basic,
          chequers_ecumenical_altar_simple, dk_noncrumbling_3
D:3:      layout_rooms, overflow_temple_1_default, corexii_leaking_fountain

Skill      XL: |  1  2  3 |
---------------+----------+-----
Axes           | 4 5 6 |  6.4
Fighting       | |  2.4
Throwing       | |  2.0
Dodging        | |  3.2

Action                   |  1- 3 |  4- 6 || total
-------------------------+-------+-------++-------
Melee: War axe           |    57 |    28 ||    85
       Headbutt          |     7 |     3 ||    10
  Use: Scroll            |     2 |     5 ||     7
Armor: Leather armour    |    14 |     4 ||    18
Dodge: Dodged            |    49 |    27 ||    76
